 Dungeon Crawl Stone Soup version 0.32-a0-666-ge8a88695a4 (webtiles) character file.

Game seed: 14536434151653221979

219 Aldia the Charlatan (level 5, -8/41 HPs)
             Began as a Demonspawn Artificer on Mar 9, 2024.
             Mangled by an ogre
             ... wielding a +0 giant club
              (17 damage)
             ... on level 4 of the Dungeon.
             The game lasted 00:06:03 (3118 turns).

Aldia the Charlatan (Demonspawn Artificer)          Turns: 3118, Time: 00:06:04

Health: -8/41      AC:  4    Str: 14    XL:     5   Next: 64%
Magic:  5/5        EV: 16    Int: 15    God:
Gold:   207        SH:  0    Dex: 14    Spells: 4/4 levels left

rFire   . . .        y - +2 rapier of Dutaonetze {venom, rElec Will+ Str+2 SInv}
rCold   . . .        (no shield)
rNeg    . . .        b - +0 leather armour
rPois   .            (no helmet)
rElec   +            (no cloak)
rCorr   .            g - +0 pair of gloves
SInv    +            (no boots)
Will    +....        (no amulet)
Stlth   ++           p - ring of wizardry
HPRegen 0.26/turn    x - +5 ring of evasion
MPRegen 0.09/turn

%: wizardry (x1)
@: no status effects
A: hooves 1, big brain 1
a: no special abilities


You were on level 4 of the Dungeon.
You visited 1 branch of the dungeon, and saw 4 of its levels.

You collected 207 gold pieces.

Inventory:

Hand Weapons
 i - a +2 whip of pain
 k - a +4 dagger
 q - a +1 dagger of electrocution
 y - the +2 rapier of Dutaonetze (weapon) {venom, rElec Will+ Str+2 SInv}
   (You found it on level 4 of the Dungeon)

   Str+2:     It affects your strength (+2).
   rElec:     It insulates you from electricity.
   Will+:     It increases your willpower.
   SInv:      It lets you see invisible.
Armour
 b - a +0 leather armour (worn)
 g - a +0 pair of gloves (worn)
Magical Staves
 f - a staff of air
 h - a staff of death
Jewellery
 l - a ring of fire
 p - a ring of wizardry (left hand)
 x - a +5 ring of evasion (right hand)
Wands
 c - a wand of flame (3) (quivered)
 d - a wand of charming (12)
 e - a wand of iceblast (4)
Scrolls
 a - 2 scrolls of teleportation
 j - a scroll of fear
 o - 2 scrolls of enchant weapon {unknown}
 r - a scroll of immolation {unknown}
 s - a scroll of acquirement {unknown}
 t - a scroll of noise
 v - a scroll of fog {unknown}
Potions
 m - a potion of ambrosia
 n - a potion of heal wounds
 u - a potion of invisibility {unknown}
 w - a potion of brilliance {unknown}


   Skills:
 + Level 3.0 Fighting
 * Level 2.0 Short Blades
 - Level 1.7 Armour
 - Level 1.0 Dodging
 - Level 3.0 Stealth
 - Level 4.0 Evocations


You had 4 spell levels left.
You didn't know any spells.
Your spell library was empty.

Dungeon Overview and Level Annotations

Branches:
Dungeon (4/15)
 Temple: D:4-7

Altars:
Ashenzari
Hepliaklqana


Innate Abilities, Weirdness & Mutations

You have large cloven feet.
You have an unusually large brain. (Int +2)


Message History

x - a +5 ring of evasion
x - a +5 ring of evasion (right hand)
Found a dagger.
You see here a +0 dagger.
Found a ring mail.
An ogre comes into view. It is wielding a +0 giant club.
Aiming: Charm
Press: ? - help, Shift-Dir - straight line, f - ogre
Aim: an ogre, wielding a +0 giant club (chance to affect: 59%)
The ogre is charmed.
Unknown command.
Unknown command.
You now have 207 gold pieces (gained 5).
No target in view!
Found a stone staircase leading down.
You see here the +2 rapier of Dutaonetze {venom, rElec Will+ Str+2 SInv}.
y - the +2 rapier of Dutaonetze {venom, rElec Will+ Str+2 SInv} Your +1 dagger of electrocution stops crackling.
You feel stronger.
The +2 rapier of Dutaonetze {venom, rElec Will+ Str+2 SInv} begins to drip with poison!
y - the +2 rapier of Dutaonetze (weapon)
{venom, rElec Will+ Str+2 SInv} The ogre is no longer charmed.
An ogre is nearby!
You barely miss the ogre. The ogre hits you with a +0 giant club!
You barely miss the ogre. You kick the ogre.
The ogre is lightly wounded.
The ogre misses you.
You barely miss the ogre.
The ogre is lightly wounded.
The ogre closely misses you.
You hit the ogre.
The ogre is poisoned.
You kick the ogre.
The ogre is moderately wounded.
You hit the ogre.
The ogre is heavily wounded.
The ogre hits you with a +0 giant club!!
* * * LOW HITPOINT WARNING * * *
You barely miss the ogre.
The ogre is severely wounded.
The ogre hits you with a +0 giant club!
You die...

## ... ##. ... #..
..# ##.. #.# #..# #.#
##.## #.## ##.## #..#
#..# ####@.# ##.##
#..#O.# ##.##
#.....## #..#
#......# ##.##
#......## ##.## ####
#.......# #..####...
#.......# ##.#.......
#.......###..........
#......###...........


You could see an ogre (very poisoned).

Vanquished Creatures
  Blork the orc (D:4)
  An iguana (D:3)
  4 gnolls (D:2)
  2 adders (D:2)
  2 dart slugs (D:2)
  A ribbon worm (D:2)
  4 orcs
  3 ball pythons
  6 endoplasms
  4 giant cockroaches
  7 hobgoblins
  4 jackals (D:1)
  3 quokkas
  9 bats
  4 frilled lizards
  3 goblins
  4 kobolds
  3 rats
65 creatures vanquished.

Vanquished Creatures (others)
  A jackal (D:1)
1 creature vanquished.

Grand Total: 66 creatures vanquished

Notes
Turn   | Place    | Note
-------+----------+-------------------------------------------
     0 | D:1      | Aldia the Demonspawn Artificer began the quest for the Orb.
     0 | D:1      | Reached XP level 1. HP: 15/15 MP: 1/1
    24 | D:1      | Reached skill level 1 in Stealth
    61 | D:1      | Reached skill level 1 in Dodging
   164 | D:1      | Gained mutation: You have an unusually large brain. (Int
                  | +2) [demonic ancestry]
   164 | D:1      | Reached XP level 2. HP: 20/21 MP: 2/2
   634 | D:1      | Reached XP level 3. HP: 14/26 MP: 3/3
  1072 | D:2      | Reached XP level 4. HP: 33/33 MP: 4/4
  1877 | D:3      | Gained mutation: You have large cloven feet. [demonic
                  | ancestry]
  1877 | D:3      | Reached XP level 5. HP: 38/39 MP: 5/5
  1981 | D:3      | Found a hazy altar of Hepliaklqana.
  2163 | D:3      | Reached skill level 4 in Evocations
  2293 | D:3      | Found a broken altar of Ashenzari.
  2660 | D:4      | Reached skill level 1 in Short Blades
  2888 | D:4      | Noticed Blork the orc
  2898 | D:4      | Killed Blork the orc
  3067 | D:4      | Noticed an ogre
  3106 | D:4      | Identified the +2 rapier of Dutaonetze {venom, rElec Will+
                  | Str+2 SInv}
  3118 | D:4      | Mangled by an ogre

Illustrated notes

Levels and vault maps discovered:
D:1:      minmay_arrival_doors, layout_rooms
D:2:      layout_basic, kennysheep_generic_room_5
D:3:      layout_basic, ashenzari_conservatory_becter,
          nicolae_hepliaklqana_hazy_memory
D:4:      layout_cave_pods, uniq_blork_the_orc

Skill      XL: |  1  2  3  4  5 |
---------------+----------------+-----
Stealth        | 1 2 3 |  3.0
Dodging        | 1 |  1.0
Fighting       | 2 3 |  3.0
Evocations     | 4 |  4.0
Short Blades   | 2 |  2.0
Armour         | |  1.7

Action                     |  1- 3 |  4- 6 || total
---------------------------+-------+-------++-------
  Melee: Club              |    34 |       ||    34
         Dagger            |    90 |    62 ||   152
         Kick              |       |    11 ||    11
         Rapier            |       |     6 ||     6
  Evoke: Wand              |    14 |     2 ||    16
    Use: Scroll            |     1 |     5 ||     6
   Stab: Sleeping          |     1 |     6 ||     7
 Armour: Leather armour    |    96 |    37 ||   133
  Dodge: Dodged            |   102 |    35 ||   137

Table legend: (Time is in decaauts)
 A = Elapsed time spent in this place.
 B = Non-inter-level travel time spent in this place.
 C = Inter-level travel time spent in this place.
 D = Time resting spent in this place.
 E = Time spent auto-exploring this place.
 F = Levels seen in this place.
 G = Mean time per level.
                   A        B        C        D        E       F      G
               +--------+--------+--------+--------+--------+-----+--------+
         Total |   3124 |   2970 |    154 |    100 |   2267 |   4 |  781.0 |
       Dungeon |   3124 |   2970 |    154 |    100 |   2267 |   4 |  781.0 |
               +--------+--------+--------+--------+--------+-----+--------+

Top non-repeatable levels by time:
     D:2: 1034 daAuts
     D:1: 844 daAuts
     D:3: 767 daAuts
     D:4: 478 daAuts
